 Dungeon Sprint DCSS version 0.19-a0-747-g9c36c40 (webtiles) character file.

1338 Groucho the Spear-Bearer (level 8, -7/81 HPs)
             Began as a Minotaur Berserker on June 23, 2016.
             Was a High Priest of Trog.
             Mangled by Sonja
             ... wielding a +0 dagger of distortion
              (17 damage)
             ... in the Dungeon (Sprint IX: "|||||||||||||||||||||||||||||").
             The game lasted 00:03:16 (578 turns).

Groucho the Spear-Bearer (Minotaur Berserker)        Turns: 578, Time: 00:03:17

Health: -7/81      AC: 14    Str: 25    XL:     8   Next: 35%
Magic:  7/7        EV: 15    Int:  4    God:    Trog [*****.]
Gold:   0          SH:  0    Dex: 12    Spells: 0 memorised, 7 levels left

rFire  . . .     SeeInvis .     n - +2 halberd (venom)
rCold  . . .     Gourm    .     r - +1 scale mail
rNeg   . . .     Faith    .     (shield currently unavailable)
rPois  .         Spirit   .     (helmet restricted)
rElec  .         Dismiss  .     q - +0 cloak
rCorr  .         Reflect  .     p - +0 pair of gloves
SustAt .         Harm     .     (no boots)
MR     .....     NoTele   +     (no amulet)
Stlth  ..........               t - +2 ring of protection
                                s - +3 ring of dexterity

@: lethally poisoned (-7 -> -27), slowed, very slow, not resistant to hostile
enchantments, extremely unstealthy
A: retaliatory headbutt, horns 2
a: Berserk, Trog's Hand, Brothers in Arms, Burn Spellbooks, Renounce Religion


You were in the Dungeon.
You worshipped Trog.
Trog was extremely pleased with you.
You were not hungry.

You visited 1 branch

Inventory:

Hand Weapons
 n - a +2 halberd of venom (weapon)
 o - a +2 morningstar of crushing
Armour
 p - a +0 pair of gloves (worn)
 q - a +0 cloak (worn)
 r - a +1 scale mail (worn)
Jewellery
 s - a +3 ring of dexterity (left hand)
 t - a +2 ring of protection (right hand)
Wands
 m - a wand of lightning (7/15)
Scrolls
 i - 2 scrolls of blinking
 l - 3 scrolls of remove curse
Potions
 e - a potion of invisibility
 g - 4 potions of magic
 h - a potion of berserk rage
 j - 2 potions of heal wounds
 k - 4 potions of curing
Comestibles
 c - a bread ration


   Skills:
 + Level 10.6 Fighting
 + Level 12.0 Polearms
 + Level 10.2 Armour
 + Level 9.5 Dodging
 + Level 7.1 Unarmed Combat


You had 7 spell levels left.
You didn't know any spells.

Dungeon Overview and Level Annotations

Branches:
Dungeon (1/1)

Altars:
Cheibriados
Dithmenos
Elyvilon
Fedhas
Gozag
Hepliaklqana
Kikubaaqudgha
Makhleb
Nemelex Xobeh
Okawaru
Pakellas
Qazlal
Ru
Sif Muna
Trog
Uskayaw
Vehumet
Xom
Yredelemnul
Zin
The Shining One
Beogh
Jiyva
Lugonu

Annotations:
D Sonja


Innate Abilities, Weirdness & Mutations

You reflexively headbutt those who attack you in melee.
You have a pair of horns on your head.


Message History

Sonja is moderately wounded.
You feel very sick.
Sonja unwields an uncursed blowgun.
Sonja wields an uncursed dagger of distortion.
Its appearance distorts for a moment.
Sonja closely misses you.
Sonja hits you with an uncursed dagger of distortion.
You feel a strange sense of stasis. Sonja barely misses you.
Sonja hits you with an uncursed dagger of distortion.
You feel a strange sense of stasis. Sonja closely misses you.
Sonja hits you but does no damage.
You feel a strange sense of stasis.
You barely miss Sonja. Your headbutt misses Sonja.
Sonja is moderately wounded.
You feel very sick. Sonja hits you but does no damage.
Space warps horribly around you!
* * * LOW HITPOINT WARNING * * *
Sonja misses you. Sonja hits you but does no damage. Space bends around you.
* * * LOW HITPOINT WARNING * * *
Sonja hits you but does no damage.
You feel a strange sense of stasis. Sonja hits you but does no damage.
Space warps horribly around you!
You die...

▓▓▓▓▓▓▓▓▓▓▓▓▓▓▓▓▓▓▓▓▓▓▓▓
......K@.(.((...........
▓▓▓▓▓▓▓▓▓▓▓▓▓▓▓▓▓▓▓▓▓▓▓▓▓▓▓▓▓▓
▓<...'....().....'____________
▓▓▓▓▓▓▓▓▓▓▓▓▓▓▓▓▓▓▓▓▓▓▓▓▓▓▓▓▓▓


You could see Sonja.

Vanquished Creatures
  A hydra (D)
  A troll (D)
  A yak (D)
  A centaur (D)
  A crocodile (D)
  A crimson imp (D)
  A hound (D)
  An iguana (D)
  A gnoll (D)
  An adder (D)
  2 shadow imps (D)
  A dart slug (D)
  3 orcs (D)
  A jackal (D)
  2 ball pythons (D)
  A giant newt (D)
  A jackal skeleton (D)
  A quokka zombie (D)
22 creatures vanquished.

Notes
Turn   | Place    | Note
--------------------------------------------------------------
     0 | D        | Groucho the Minotaur Berserker began the quest for the Orb.
     0 | D        | Reached XP level 1. HP: 19/19 MP: 0/0
     7 | D        | Reached skill level 4 in Polearms
    10 | D        | Reached ** piety under Trog
    22 | D        | Noticed a crimson imp
    22 | D        | Noticed a hound
    39 | D        | Reached *** piety under Trog
    39 | D        | Reached skill level 5 in Polearms
    39 | D        | Reached XP level 2. HP: 14/28 MP: 1/1
    53 | D        | Reached skill level 5 in Fighting
    53 | D        | Reached skill level 6 in Polearms
    53 | D        | Reached XP level 3. HP: 10/36 MP: 2/2
    56 | D        | Received a gift from Trog
    84 | D        | Reached skill level 7 in Polearms
    84 | D        | Reached skill level 5 in Armour
    84 | D        | Reached XP level 4. HP: 19/44 MP: 3/3
   104 | D        | Found a glowing silver altar of Zin.
   104 | D        | Found a glowing golden altar of the Shining One.
   104 | D        | Found an ancient bone altar of Kikubaaqudgha.
   104 | D        | Found a basalt altar of Yredelemnul.
   104 | D        | Found a shimmering altar of Xom.
   104 | D        | Found a radiant altar of Vehumet.
   105 | D        | Found an iron altar of Okawaru.
   106 | D        | Found a burning altar of Makhleb.
   107 | D        | Found a deep blue altar of Sif Muna.
   108 | D        | Found a bloodstained altar of Trog.
   109 | D        | Found a sparkling altar of Nemelex Xobeh.
   110 | D        | Found a white marble altar of Elyvilon.
   111 | D        | Found a roughly hewn altar of Beogh.
   112 | D        | Found a viscous altar of Jiyva.
   113 | D        | Found a corrupted altar of Lugonu.
   114 | D        | Found a blossoming altar of Fedhas.
   115 | D        | Found a snail-covered altar of Cheibriados.
   116 | D        | Found a shadowy altar of Dithmenos.
   117 | D        | Found a stormy altar of Qazlal.
   118 | D        | Found an opulent altar of Gozag.
   119 | D        | Found a sacrificial altar of Ru.
   120 | D        | Found an oddly glowing altar of Pakellas.
   121 | D        | Found a hide-covered altar of Uskayaw.
   122 | D        | Found a hazy altar of Hepliaklqana.
   176 | D        | Noticed a crocodile
   183 | D        | Reached **** piety under Trog
   184 | D        | Reached skill level 8 in Polearms
   184 | D        | Reached skill level 5 in Dodging
   187 | D        | Killed a crocodile
   187 | D        | Reached skill level 9 in Polearms
   187 | D        | Reached XP level 5. HP: 42/52 MP: 4/4
   195 | D        | Noticed a centaur
   195 | D        | Noticed a four-headed hydra
   195 | D        | Noticed a troll
   195 | D        | Noticed a yak
   198 | D        | Killed a centaur
   198 | D        | Reached XP level 6. HP: 50/61 MP: 5/5
   201 | D        | Killed a four-headed hydra
   201 | D        | Reached ***** piety under Trog
   201 | D        | Reached skill level 10 in Fighting
   201 | D        | Reached skill level 11 in Polearms
   201 | D        | Reached XP level 7. HP: 40/72 MP: 6/6
   205 | D        | Received a gift from Trog
   209 | D        | Killed a troll
   209 | D        | Reached skill level 10 in Armour
   209 | D        | Reached XP level 8. HP: 37/80 MP: 7/7
   211 | D        | Reached skill level 12 in Polearms
   571 | D        | Noticed Sonja
   578 | D        | Mangled by Sonja

Vault maps used:
D:        linesprint

Skill      XL: |  1  2  3  4  5  6  7  8 |
---------------+-------------------------+-----
Polearms       | 5 6 7 9 11 12 | 12.0
Fighting       | 4 5 7 10 | 10.6
Armour         | 3 4 5 6 7 9 10 | 10.2
Dodging        | 3 4 6 8 9 |  9.5
Unarmed Combat | 2 6 7 |  7.1

Action                   |  1- 3 |  4- 6 |  7- 9 || total
-------------------------+-------+-------+-------++-------
Melee: Spear             |    61 |       |       ||    61
       Headbutt          |     8 |     3 |     3 ||    14
       Halberd           |       |    11 |    13 ||    24
       Morningstar       |       |     4 |       ||     4
Invok: Trog's Hand       |     1 |       |       ||     1
  Use: Potion            |     2 |     1 |       ||     3
Armor: Animal skin       |    10 |       |       ||    10
       Scale mail        |       |     5 |     7 ||    12
Dodge: Dodged            |    35 |     8 |     6 ||    49
